 Dungeon Crawl Stone Soup version 0.30-a0-629-gd54f4be4f7 (webtiles) character file.

Game seed: 13145978199213801012

12506 acebull12 the Carver (level 11, -6/83 HPs)
             Began as a Demonspawn Gladiator on Jan 12, 2023.
             Was a High Priest of Okawaru.
             Mangled by a thrashing horror (7 damage)
             ... on level 2 of the Abyss.
             The game lasted 00:28:12 (12516 turns).

acebull12 the Carver (Demonspawn Gladiator)        Turns: 12516, Time: 00:28:13

Health: -6/83      AC: 10    Str: 18    XL:     11   Next: 63%
Magic:  0/15       EV: 17    Int:  9    God:    Okawaru [*****.]
Gold:   492        SH:  6    Dex: 12    Spells: 14/16 levels left

rFire   . . .      SeeInvis .    F - +2 scimitar
rCold   . . .      Faith    .    (no shield)
rNeg    . . .      Spirit   +    q - +0 ring mail
rPois   .          Reflect  .    c - +0 helmet
rElec   .          Harm     .    (no cloak)
rCorr   .          Rampage  .    (no gloves)
Will    .....      Rage     9%   v - +2 pair of boots
Stlth   +                        M - amulet of guardian spirit
HPRegen 0.33/turn                r - +5 ring of evasion
MPRegen 0.14/turn                L - +4 ring of slaying

@: no status effects
A: large bone plates 2, spiny 2, demonic magic 2, [berserk 2], [clumsy 2]
a: Renounce Religion, Heroism, Finesse, Duel


You were on level 2 of the Abyss.
You worshipped Okawaru.
Okawaru was extremely pleased with you.
You visited 2 branches of the dungeon, and saw 11 of its levels.
You visited the Abyss 1 time.
You also visited: Bailey.

You collected 492 gold pieces.

Inventory:

Hand Weapons
 h - a +3 halberd
 F - a +2 scimitar (weapon)
Missiles
 d - 4 throwing nets
 e - 39 javelins
 k - 87 stones
 x - 9 poisoned darts (quivered)
Armour
 b - a +0 leather armour
 c - a +0 helmet (worn)
 q - a +0 ring mail (worn)
 v - a +2 pair of boots (worn)
Jewellery
 g - a ring of fire
 r - a +5 ring of evasion (left hand)
 G - a ring of resist corrosion
 L - a +4 ring of slaying (right hand)
 M - an amulet of guardian spirit (around neck)
Wands
 j - a wand of mindburst (4)
 t - a wand of light (10)
 z - a wand of roots (8)
 E - a wand of flame (23)
 J - a wand of polymorph (6)
Scrolls
 f - 2 scrolls of vulnerability {unknown}
 i - 3 scrolls of magic mapping
 l - a scroll of immolation {unknown}
 m - 3 scrolls of enchant armour
 n - 2 scrolls of fear
 s - 3 scrolls of noise
 w - 3 scrolls of poison
 y - 2 scrolls of teleportation {unknown}
 B - 4 scrolls of fog
 D - a scroll of brand weapon {unknown}
 N - a scroll of torment {unknown}
 P - a scroll of enchant weapon {unknown}
Potions
 a - a potion of magic {unknown}
 p - 2 potions of lignification
 u - 3 potions of cancellation
 A - 2 potions of attraction
 C - 3 potions of mutation
 H - 3 potions of curing
 I - 2 potions of brilliance
 K - a potion of might
 O - a potion of berserk rage {unknown}


   Skills:
 + Level 6.7 Fighting
 * Level 12.0 Long Blades
 + Level 2.0 Polearms
 + Level 2.3 Throwing
 - Level 6.0 Armour
 + Level 5.2 Dodging
 + Level 1.7 Stealth
 + Level 2.9 Shields
 * Level 3.1 Spellcasting
 * Level 3.9 Conjurations
 * Level 3.1 Air Magic
 * Level 4.0 Invocations


You had 14 spell levels left.
You knew the following spells:

 Your Spells              Type           Power      Damage    Failure   Level
a - Static Discharge      Conj/Air       14%        2-3/arc   19%         2

Your spell library contained the following spells:

 Spells                   Type           Power      Damage    Failure   Level
 Apportation              Tloc           2%         N/A       45%         1
 Dazzling Flash           Conj/Hex       8%         N/A       56%         3
 Vhi's Electric Charge    Tloc/Air       8%         N/A       61%         3
 Gell's Gravitas          Tloc           1%         N/A       83%         3
 Portal Projectile        Hex/Tloc       2%         N/A       83%         3
 Teleport Other           Tloc           1%         N/A       83%         3
 Arcjolt                  Conj/Air       3%         1d13      97%         5
 Lightning Bolt           Conj/Air       3%         1d15      97%         5
 Leda's Liquefaction      Hex/Erth       0%         N/A       99%         4
 Agony                    Necr           1%         N/A       100%        5
 Alistair's Intoxication  Tmut/Pois      0%         N/A       100%        5
 Blade Hands              Tmut           0%         N/A       100%        5
 Silence                  Hex/Air        2%         N/A       100%        5
 Dispersal                Tloc           0%         N/A       100%        6
 Summon Small Mammal      Summ           Unusable   N/A       N/A         1
 Call Canine Familiar     Summ           Unusable   N/A       N/A         3
 Summon Guardian Golem    Hex/Summ       Unusable   N/A       N/A         3
 Tukima's Dance           Hex            Unusable   N/A       N/A         3

Dungeon Overview and Level Annotations

Branches:
Dungeon (10/15)            Temple (1/1) D:7            Lair (0/5) D:10
    Orc (0/2) D:10         Bailey (visited)

Altars:
Ashenzari
Cheibriados
Fedhas
Hepliaklqana
Kikubaaqudgha
Nemelex Xobeh
Okawaru
Qazlal
Ru
Sif Muna
Trog
Uskayaw
Wu Jian
Xom
Yredelemnul

Shops:
D:8 (

Annotations:
D:4 1 runed translucent door, Crazy Yiuf
D:10 exclusion: ice statue, Maggie


Innate Abilities, Weirdness & Mutations

You are mostly covered in large bone plates. (SH +6)
You are mostly covered in sharp spines.
Spells you cast may paralyse nearby enemies.
[You have an uncontrollable temper.]
[You are very clumsy. (Dex -4)]


Message History

The thrashing horror churns violently!
The thrashing horror seems to grow stronger.
A neqoxec comes into view.
The thrashing horror tramples you!
* * * LOW HITPOINT WARNING * * *
You stumble backwards!
The neqoxec shouts!
The thrashing horror is struck by your spines.
The thrashing horror tramples you!
* * * LOW HITPOINT WARNING * * *
You hold your ground!
The thrashing horror closely misses you.
The neqoxec is struck by your spines. The neqoxec barely misses you.
You slash the neqoxec!
The neqoxec is severely wounded.
You block the thrashing horror's attack. x2
The thrashing horror is struck by your spines.
The thrashing horror tramples you!
* * * LOW HITPOINT WARNING * * *
You hold your ground!
The thrashing horror completely misses you.
You block the neqoxec's attack.
You slash the neqoxec!
You kill the neqoxec!
Okawaru accepts your kill.
You block the thrashing horror's attack. x2
The thrashing horror is struck by your spines.
The thrashing horror tramples you but does no damage.
The thrashing horror completely misses you. x2
The thrashing horror closely misses you.
The thrashing horror is struck by your spines.
The thrashing horror misses you. The thrashing horror tramples you.
* * * LOW HITPOINT WARNING * * *
You hold your ground!
Your Invocations skill increases to level 4!
You hit the thrashing horror.
The thrashing horror is lightly damaged.
The thrashing horror is struck by your spines.
The thrashing horror tramples you!
You die...

#.. ..
.. .
.##
##.#
##@.###
#X.X#.#
#X#..#
##.*.#
###.###
# X..#
#
##*###
.. .##
#...###


You could see a wretched star and 3 thrashing horrors.

Vanquished Creatures
  Pikel (D:4)
  An ancient zyme (Abyss:2)
  2 trolls
  A blink frog (Abyss:2)
  2 hornets (D:8)
  Prince Ribbit (D:9)
  Grinder (D:4)
  4 wyverns
  2 basilisks (D:10)
  11 yaks
  Eustachio (D:6)
  A neqoxec (Abyss:2)
  3 steam dragons
  Menkaure (D:6)
  Duvessa (D:7)
  4 water moccasins
  14 orc warriors
  3 black bears
  2 sky beasts
  4 lemures
  3 wolves (D:10)
  2 ogres
  15 centaurs
  Blork the orc (D:6)
  2 kobold brigands (D:6)
  4 necrophages
  3 bullfrogs
  6 scorpions
  A wyvern zombie (D:6)
  8 wights
  A small abomination (Abyss:2)
  Dowan (D:7)
  6 killer bees (D:9)
  4 howler monkeys
  3 bullfrog zombies (D:6)
  2 quasits (D:5)
  A human zombie (D:6)
  2 gnoll boudas (D:7)
  3 jellies
  3 orc priests
  A hound (D:3)
  An iron imp (Abyss:2)
  11 orc wizards
  Natasha (D:2)
  2 iguanas
  2 mummies (D:6)
  A howler monkey zombie (D:6)
  16 gnolls
  5 adders
  9 shadow imps
  10 white imps
  2 ufetubi
  A worm (D:2)
  2 dart slugs
  43 orcs
  5 ball pythons
  7 bats
  7 endoplasms
  3 giant cockroaches
  11 goblins
  8 hobgoblins
  2 jackals (D:1)
  8 kobolds
  7 quokkas
  3 frilled lizards
  A rat (D:2)
300 creatures vanquished.

Vanquished Creatures (others)
  A demonic plant (D:5)
  A fungus (D:10)
  6 plants (D:10)
8 creatures vanquished.

Grand Total: 308 creatures vanquished

Notes
Turn   | Place    | Note
-------+----------+-------------------------------------------
     0 | D:1      | acebull12 the Demonspawn Gladiator began the quest for the
                  | Orb.
     0 | D:1      | Reached XP level 1. HP: 16/16 MP: 1/1
   136 | D:1      | Reached skill level 3 in Long Blades
   136 | D:1      | Gained mutation: You are partially covered in sharp spines.
                  | [demonic ancestry]
   136 | D:1      | Reached XP level 2. HP: 22/22 MP: 2/2
   368 | D:1      | Reached XP level 3. HP: 23/27 MP: 3/3
  1514 | D:2      | Noticed Natasha
  1521 | D:2      | Killed Natasha
  1522 | D:2      | Reached skill level 1 in Armour
  1522 | D:2      | Gained mutation: Spells you cast may paralyse adjacent
                  | enemies. [demonic ancestry]
  1522 | D:2      | Reached XP level 4. HP: 21/34 MP: 4/4
  1840 | D:3      | Reached skill level 4 in Long Blades
  2062 | D:3      | Gained mutation: You are mostly covered in sharp spines.
                  | [demonic ancestry]
  2062 | D:3      | Reached XP level 5. HP: 35/39 MP: 5/5
  2724 | D:4      | Found a snail-covered altar of Cheibriados.
  2742 | D:4      | Noticed Pikel
  2742 | D:4      | Noticed a lemure
  2742 | D:4      | Noticed a lemure
  2742 | D:4      | Noticed a lemure
  2788 | D:3      | Killed a lemure
  3351 | D:4      | Noticed a lemure
  3359 | D:4      | Killed a lemure
  3369 | D:4      | Killed a lemure
  3377 | D:4      | Killed a lemure
  3435 | D:4      | Killed Pikel
  3436 | D:4      | Reached skill level 6 in Long Blades
  3436 | D:4      | Gained mutation: You are partially covered in large bone
                  | plates. (SH +4) [demonic ancestry]
  3436 | D:4      | Reached XP level 6. HP: 25/47 MP: 6/6
  3436 | D:4      | Reached XP level 7. HP: 28/52 MP: 7/7
  3528 | D:4      | Noticed Grinder
  3548 | D:4      | Killed Grinder
  3689 | D:4      | Found a runed translucent door.
  3690 | D:4      | Noticed Crazy Yiuf
  3986 | D:5      | Entered Level 5 of the Dungeon
  4216 | D:5      | Gained mutation: You are mostly covered in large bone
                  | plates. (SH +6) [demonic ancestry]
  4216 | D:5      | Reached XP level 8. HP: 58/58 MP: 8/8
  4479 | D:5      | Reached skill level 7 in Long Blades
  4611 | D:5      | Reached skill level 1 in Shields
  4818 | D:5      | Found a hide-covered altar of Uskayaw.
  4824 | D:5      | Noticed a +0 hand axe
  4825 | D:5      | Noticed a +0 hand axe
  5099 | D:6      | Reached skill level 8 in Long Blades
  5207 | D:6      | Found a blossoming altar of Fedhas.
  5210 | D:6      | Noticed Blork the orc
  5231 | D:6      | Killed Blork the orc
  5232 | D:6      | Reached XP level 9. HP: 56/65 MP: 9/9
  5421 | D:6      | Found a large runed translucent door.
  5424 | D:6      | Found a large runed translucent door.
  5427 | D:6      | Found a shimmering altar of Xom.
  5446 | D:6      | Noticed Eustachio
  5461 | D:6      | Killed Eustachio
  5462 | D:6      | Reached skill level 5 in Armour
  5499 | D:6      | Identified the +3 short sword of Ropiomis {chaos, *Slow
                  | Str+8}
  5532 | D:6      | Noticed Menkaure
  5546 | D:6      | Killed Menkaure
  5977 | D:6      | Reached skill level 9 in Long Blades
  6002 | D:6      | Found an ancient bone altar of Kikubaaqudgha.
  6674 | D:6      | Reached skill level 1 in Stealth
  6684 | D:6      | Reached skill level 10 in Long Blades
  6836 | D:6      | Learned a level 2 spell: Static Discharge
  6880 | D:7      | Noticed Duvessa
  6880 | D:7      | Noticed Dowan
  6888 | D:7      | Killed Duvessa
  6889 | D:7      | Reached skill level 5 in Fighting
  6924 | D:7      | Killed Dowan
  7118 | D:7      | Found a staircase to the Ecumenical Temple.
  7135 | Temple   | Entered the Ecumenical Temple
  7288 | Temple   | Became a worshipper of Warmaster Okawaru
  7492 | D:7      | Gained mutation: Spells you cast may paralyse nearby
                  | enemies. [demonic ancestry]
  7492 | D:7      | Reached XP level 10. HP: 74/74 MP: 10/10
  8049 | D:7      | Reached skill level 1 in Conjurations
  8354 | D:8      | Found Emeulamp's Antique Weapon Shop.
  8407 | D:8      | Reached * piety under Okawaru
  8516 | D:8      | Reached skill level 1 in Air Magic
  8587 | D:8      | Reached skill level 1 in Spellcasting
  8868 | D:8      | Paralysed by a hornet for 2 turns
  9003 | D:8      | Found a sacrificial altar of Ru.
  9087 | D:9      | Noticed Prince Ribbit
  9099 | D:8      | Reached skill level 11 in Long Blades
  9107 | D:9      | Reached ** piety under Okawaru
  9111 | D:9      | Killed Prince Ribbit
  9125 | D:9      | Found a flagged portal.
  9157 | Bailey   | Entered a bailey
  9486 | Bailey   | Reached *** piety under Okawaru
  9837 | Bailey   | Reached XP level 11. HP: 27/81 MP: 7/14
 10074 | Bailey   | Reached skill level 5 in Dodging
 11084 | D:9      | Found an ornate altar of the Wu Jian Council.
 11163 | D:9      | Reached skill level 1 in Polearms
 11167 | D:9      | Reached skill level 1 in Invocations
 11298 | D:9      | Reached **** piety under Okawaru
 11447 | D:9      | Found a basalt altar of Yredelemnul.
 11495 | D:9      | Received a gift from Okawaru
 11617 | D:9      | Found a stormy altar of Qazlal.
 11743 | D:9      | Found a faded altar of an unknown god.
 11750 | D:9      | Found a bloodstained altar of Trog.
 11752 | D:9      | Found a faded altar of an unknown god.
 11754 | D:9      | Found a sparkling altar of Nemelex Xobeh.
 11837 | D:10     | Entered Level 10 of the Dungeon
 12170 | D:10     | Found a staircase to the Orcish Mines.
 12244 | D:10     | Found a staircase to the Lair.
 12257 | D:10     | Noticed Maggie
 12276 | D:10     | Reached ***** piety under Okawaru
 12287 | Abyss:2  | Cast into level 2 of the Abyss (Maggie)
 12325 | Abyss:2  | Noticed a thrashing horror
 12328 | Abyss:2  | Found a corrupted altar of Lugonu.
 12344 | Abyss:2  | Found a corrupted altar of Lugonu.
 12346 | Abyss:2  | Found a corrupted altar of Lugonu.
 12383 | Abyss:2  | Reached skill level 12 in Long Blades
 12458 | Abyss:2  | Found a corrupted altar of Lugonu.
 12477 | Abyss:2  | Noticed a thrashing horror
 12480 | Abyss:2  | Found a corrupted altar of Lugonu.
 12487 | Abyss:2  | Noticed a wretched star
 12495 | Abyss:2  | Noticed a starcursed mass
 12496 | Abyss:2  | Noticed a thrashing horror
 12505 | Abyss:2  | HP: 3/83 [thrashing horror (2)]
 12507 | Abyss:2  | Found a corrupted altar of Lugonu.
 12514 | Abyss:2  | HP: 4/83 [thrashing horror (7)]
 12515 | Abyss:2  | HP: 1/83 [thrashing horror (3)]
 12516 | Abyss:2  | Mangled by a thrashing horror

Illustrated notes

Levels and vault maps discovered:
D:1:      dpeg_arrival_three_smaller_balls, layout_basic
D:2:      layout_loops_corners, uniq_natasha
D:3:      layout_basic, chequers_big_river
D:4:      layout_basic, nicolae_overflow_crystal_walls, uniq_grinder,
          uniq_pikel, uniq_crazy_yiuf_cottage
D:5:      nicolae_cairo_tiling, layout_rooms, dancing_weapons_uskayaw,
          serial_demonic, serial_demonic_f, serial_demonic_d, serial_demonic_c,
          serial_demonic_f, serial_demonic_c, serial_demonic_d,
          serial_demonic_d, serial_demonic_b
D:6:      due_chaos_kobolds, layout_loops_corners, lemuel_tele_altar,
          lemuel_mausoleum_altar_kikubaaqudgha, uniq_menkaure,
          uniq_blork_the_orc, uniq_eustachio
D:7:      layout_basic, minmay_temple_entry_mist,
          corexii_item_surrounded_by_moat, uniq_duvessa
D:8:      layout_basic, hangedman_ru_absence, serial_shops, shop_fountains
D:9:      layout_basic, general_overflow_altar, lemuel_round_altar,
          nicolae_wu_jian_wuxing_cycle, chequers_temple_overflow_minitemple,
          enter_bailey_3, uniq_prince_ribbit1
D:10:     layout_rooms, minmay_lair_entry_grove, orc_0_dummy,
          nicolae_trove_entry_path_of_doom, minivault_10, minivault_16,
          uniq_maggie, uniq_josephine
Temple:   minmay_temple_curvy_loop
Abyss:2:  base:
D:10

Skill      XL: |  1  2  3  4  5  6  7  8  9 10 11 |
---------------+----------------------------------+-----
Long Blades    | 3 4 6 8 10 11 12 | 12.0
Throwing       | 2 |  2.3
Armour         | 1 3 4 6 |  6.0
Dodging        | 3 4 5 |  5.2
Fighting       | 3 4 5 6 |  6.7
Shields        | 1 2 |  2.9
Stealth        | 1 |  1.7
Conjurations   | 2 3 |  3.9
Air Magic      | 2 3 |  3.1
Spellcasting   | 2 3 |  3.1
Polearms       | 2 |  2.0
Invocations    | 4 |  4.0

Action                   |  1- 3 |  4- 6 |  7- 9 | 10-12 || total
-------------------------+-------+-------+-------+-------++-------
Melee: Long sword        |    69 |   122 |   180 |       ||   371
       Punch             |       |       |     2 |     4 ||     6
       Scimitar          |       |       |   160 |   345 ||   505
       Halberd           |       |       |       |    48 ||    48
Throw: Dart              |       |     3 |     1 |       ||     4
  Use: Scroll            |       |       |       |    13 ||    13
       Potion            |       |       |       |     3 ||     3
Armor: Leather armour    |    19 |       |       |       ||    19
       Ring mail         |     9 |    39 |    76 |    89 ||   213
Dodge: Dodged            |    38 |    93 |   202 |   417 ||   750
Block: Other             |       |       |    85 |   134 ||   219

Table legend: (Time is in decaauts)
 A = Elapsed time spent in this place.
 B = Non-inter-level travel time spent in this place.
 C = Inter-level travel time spent in this place.
 D = Time resting spent in this place.
 E = Time spent auto-exploring this place.
 F = Levels seen in this place.
 G = Mean time per level.
                   A        B        C        D        E       F      G
               +--------+--------+--------+--------+--------+-----+--------+
         Total |  12566 |  11680 |    886 |   1411 |   7673 |  13 |  966.6 |
       Dungeon |  10261 |   9424 |    837 |    428 |   7155 |  10 | 1026.1 |
        Temple |    206 |    157 |     49 |      0 |    141 |   1 |  206.0 |
         Abyss |    223 |    223 |      0 |    120 |      0 |   1 |  223.0 |
        Bailey |   1875 |   1875 |      0 |    863 |    377 |   1 | 1875.0 |
               +--------+--------+--------+--------+--------+-----+--------+

Top non-repeatable levels by time:
  Bailey: 1875 daAuts
     D:6: 1772 daAuts
     D:4: 1635 daAuts
     D:7: 1101 daAuts
     D:2: 1078 daAuts
     D:5: 986 daAuts
     D:9: 930 daAuts
     D:8: 869 daAuts
     D:3: 752 daAuts
     D:1: 732 daAuts
    D:10: 404 daAuts
 Abyss:2: 223 daAuts
  Temple: 206 daAuts
